 Dungeon Crawl Stone Soup version 0.28.0-47-ge53b351184 (webtiles) character file.

Game seed: 12899796779214426324

5 Allula97 the Vexing (level 1, 0/13 HPs)
             Began as a Demonspawn Enchanter on May 5, 2022.
             Frozen to death by an endoplasm (3 damage)
             ... on level 1 of the Dungeon.
             The game lasted 00:00:51 (116 turns).

Allula97 the Vexing (Demonspawn Enchanter)           Turns: 116, Time: 00:00:52

Health: 0/13       AC:  2    Str:  8    XL:     1   Next: 66%
Magic:  3/3        EV: 12    Int: 16    God:
Gold:   0          SH:  0    Dex: 13    Spells: 4/4 levels left

rFire   . . .      SeeInvis .   a - +1 dagger
rCold   . . .      Faith    .   (no shield)
rNeg    . . .      Spirit   .   b - +0 robe
rPois   .          Reflect  .   (no helmet)
rElec   .          Harm     .   (no cloak)
rCorr   .          Rampage  .   (no gloves)
Will    .....                   (no boots)
Stlth   ++........              (no amulet)
HPRegen 0.04/turn               (no ring)
MPRegen 0.08/turn               (no ring)

@: no status effects
A: no striking features
a: no special abilities


You were on level 1 of the Dungeon.
You visited 1 branch of the dungeon, and saw 1 of its levels.

Inventory:

Hand Weapons
 a - a +1 dagger (weapon)
Armour
 b - a +0 robe (worn)
Scrolls
 d - a scroll of identify {unknown}


   Skills:
 * Level 0.1 Fighting
 * Level 1.0 Short Blades
 * Level 0.1 Armour
 * Level 1.8 Dodging
 * Level 2.8 Stealth
 * Level 2.0 Spellcasting
 + Level 3.0 Hexes


You had 4 spell levels left.
You didn't know any spells.
Your spell library contained the following spells:

 Spells                   Type           Power      Damage    Failure   Level
 Ensorcelled Hibernation  Hex/Ice        12%        N/A       17%         2
 Confusing Touch          Hex            11%        N/A       19%         3
 Tukima's Dance           Hex            11%        N/A       19%         3
 Dazzling Flash           Conj/Hex       12%        N/A       32%         3


Dungeon Overview and Level Annotations

Branches:
Dungeon (1/15)

Altars:


Message History

You hit the bat.
You kill the bat!
You see here a bat corpse.
You flicker for a moment.
A hobgoblin comes into view.
Found a stone staircase leading down.
You flicker back into view.
A frilled lizard comes into view.
The helpless hobgoblin fails to defend itself.
You puncture the hobgoblin!
You kill the hobgoblin!
The helpless frilled lizard fails to defend itself.
You puncture the frilled lizard!
You kill the frilled lizard!
There is a dry fountain here.
A bat comes into view.
The bat completely misses you.
You miss the bat. The bat misses you. The bat closely misses you.
You hit the bat.
The bat is severely wounded.
The bat hits you but does no damage. The bat barely misses you.
There is a dry fountain here.
The bat hits you.
* * * LOW HITPOINT WARNING * * *
You hit the bat.
You kill the bat!
Your Short Blades skill increases to level 1!
There is a dry fountain here.
An endoplasm comes into view.
The endoplasm quivers.
There is a dry fountain here.
You hit the endoplasm.
The endoplasm is moderately wounded.
The endoplasm closely misses you.
You hit the endoplasm but do no damage.
The endoplasm is moderately wounded.
The endoplasm freezes you.
You are frozen.
You die...

####..........
...........# ..
######.##### .# #.#
.# ###.##########.#
##.#.#.#.#.#.#..#
#.⌠...⌠...⌠...⌠.#
##.#.#.#.#.#.#J##
#...⌠...⌠...⌠.@.#
####.#.#†#.#.#.#.##
....⌠...⌠...⌠...⌠.#
..>#.#.#.#.#.#.#.##
###†..⌠...⌠...⌠...#
##.#.#.#.#.#.#.##
#.⌠...⌠...⌠...⌠.#
##.#.#.#.#.#.#.##
#...⌠...⌠...⌠...#


You could see an endoplasm.

Vanquished Creatures
  A hobgoblin (D:1)
  A quokka (D:1)
  2 bats (D:1)
  A frilled lizard (D:1)
5 creatures vanquished.

Notes
Turn   | Place    | Note
-------+----------+-------------------------------------------
     0 | D:1      | Allula97 the Demonspawn Enchanter began the quest for the
                  | Orb.
     0 | D:1      | Reached XP level 1. HP: 13/13 MP: 3/3
     2 | D:1      | Noticed a vampire
     2 | D:1      | Noticed a merfolk
     4 | D:1      | Noticed a felid
     4 | D:1      | Noticed a spriggan
     6 | D:1      | Noticed an elf
     8 | D:1      | Noticed an ogre
     8 | D:1      | Noticed a troll
    10 | D:1      | Noticed a draconian
    12 | D:1      | Noticed a human
    15 | D:1      | Noticed a dwarf
    15 | D:1      | Noticed a demonspawn
    17 | D:1      | Noticed a minotaur
    17 | D:1      | Noticed a gargoyle
    19 | D:1      | Noticed a tengu
    19 | D:1      | Noticed a formicid
    21 | D:1      | Noticed a demigod
    23 | D:1      | Noticed a vine stalker
    23 | D:1      | Noticed a naga
    25 | D:1      | Noticed a ghoul
    25 | D:1      | Noticed an octopode
   107 | D:1      | Reached skill level 1 in Short Blades
   116 | D:1      | Frozen to death by an endoplasm

Illustrated notes

Levels and vault maps discovered:
D:1:      kb_arrival_jail, layout_loops_ring, kennysheep_pointless_box,
          kennysheep_crisscross, amcnicky_mini_rare_corridor_liquid

Skill      XL: |  1 |
---------------+----+-----
Short Blades   | 1 |  1.0
Fighting       | |  0.1
Armour         | |  0.1
Dodging        | |  1.8
Stealth        | |  2.8
Spellcasting   | |  2.0
Hexes          | |  3.0

Action                   || total
-------------------------++-------
Melee: Dagger            ||    18
  Use: Potion            ||     1
 Stab: Sleeping          ||     2
       Invisible         ||     1
Armor: Robe              ||     4
Dodge: Dodged            ||    12
